 Dungeon Sprint DCSS version 0.32-a0-350-g4f4d228785 (webtiles) character file.

Game seed: 14202180467939370311

396 rocky1 the Cleaver (level 6, 0/66 (67) HPs)
             Began as a Mountain Dwarf Fighter on Feb 18, 2024.
             Was a High Priest of Cheibriados.
             Slain by a boulder beetle (14 damage)
             ... in the Dungeon (Sprint VII: "The Pits").
             The game lasted 00:02:38 (954 turns).

rocky1 the Cleaver (Mountain Dwarf Fighter)          Turns: 954, Time: 00:02:38

HP:   0/66 (67)     AC: 13    Str: 34    XL:     6   Next: 52%
MP:   11/11         EV:  7    Int: 21    God:    Cheibriados [*****.]
Gold: 0             SH:  6    Dex: 22    Spells: 5/5 levels left

rFire   . . .        a - +0 war axe
rCold   . . .        c - +0 buckler
rNeg    . . .        o - +2 plate armour
rPois   .            (no helmet)
rElec   .            (no cloak)
rCorr   .            (no gloves)
SInv    .            (no boots)
Will    .....        (no amulet) Stlth
                     (no ring)
HPRegen 0.31/turn    (no ring)
MPRegen 0.12/turn

%: no teleportation
@: on berserk cooldown, slowed, lightly drained, very slow
A: runic magic, artefact enchanting
a: Renounce Religion, Bend Time, Temporal Distortion, Slouch, Step From Time


You were in the Dungeon.
You worshipped Cheibriados.
Cheibriados was extremely pleased with you.
You visited 1 branch

Inventory:

Hand Weapons
 a - a +0 war axe (weapon)
Armour
 b - a +0 scale mail
 c - a +0 buckler (worn)
 o - a +2 plate armour (worn)
Scrolls
 l - 2 scrolls of vulnerability
 m - 5 scrolls of amnesia
 n - a scroll of summoning
Potions
 d - a potion of might
 e - 3 potions of heal wounds
 f - 5 potions of curing
 g - a potion of haste
 h - 4 potions of magic
 i - a potion of berserk rage
 k - 2 potions of invisibility


   Skills:
 * Level 10.3 Fighting
 * Level 10.7 Axes
 - Level 3.8 Armour
 - Level 3.8 Shields
 + Level 7.8 Invocations


You had 5 spell levels left.
You didn't know any spells.
Your spell library was empty.

Dungeon Overview and Level Annotations

Branches:
Dungeon (1/1)

Altars:
Ashenzari
Cheibriados
Dithmenos
Elyvilon
Fedhas
Gozag
Hepliaklqana
Kikubaaqudgha
Makhleb
Nemelex Xobeh
Okawaru
Qazlal
Ru
Sif Muna
Trog
Uskayaw
Vehumet
Wu Jian
Xom
Yredelemnul
Zin
The Shining One
Beogh
Jiyva
Lugonu


Innate Abilities, Weirdness & Mutations

Your spellcasting is much less encumbered by armour.
You can use scrolls of enchantment on lesser artefacts.


Message History

A boulder beetle comes into view.
The boulder beetle curls into a ball and begins rolling!
The boulder beetle hits you!
The boulder beetle stops rolling and uncurls.
The boulder beetle barely misses you.
There is an open door, spattered with blood here.
You completely miss the boulder beetle. The boulder beetle barely misses you.
You hit the boulder beetle.
The boulder beetle is lightly wounded.
The boulder beetle bites you!
A red film seems to cover your vision as you go berserk!
Cheibriados forces you to slow down.
You feel mighty!
The boulder beetle leaps!
You feel a strong urge to attack something.
The boulder beetle curls into a ball and begins rolling!
The door flies open with a bang!
A crimson imp, an adder and 2 wights come into view.
The crimson imp shouts!
The boulder beetle hits you!
The boulder beetle stops rolling and uncurls.
The wight closely misses you.
You feel your anger nearly subside.
You are no longer berserk.
You are exhausted.
You feel yourself slow down. The wight closely misses you.
The crimson imp blinks!
The boulder beetle bites you.
The crimson imp shouts, "Go and return not, thou erky thigh-biting vulture!"
The wight hits you with a +0 halberd.
* * * LOW HITPOINT WARNING * * *
You feel drained.
* * * LOW HITPOINT WARNING * * *
There is an open door, spattered with blood here.
Blink to where?
Press: ? - help, Dir - move target
As you read the scroll of blinking, it crumbles to dust.
The boulder beetle bites you!
* * * LOW HITPOINT WARNING * * *
The boulder beetle curls into a ball and begins rolling!
The boulder beetle hits you!
You die...
Cheibriados appreciates the motionlessness of death.

#.#........##.......#
#)###########.......#
#)......#5S #########
#..###..#z#
#.......#.#
##)###.##z#
#.......#.+
#..###..#○#
#......@B)#
###########


You could see a boulder beetle (rolling).

Vanquished Creatures
  Menkaure (D)
  A bullfrog (D)
  A gnoll sergeant (D)
  A scorpion (D)
  An orc priest (D)
  An adder (D)
  3 gnolls (D)
  An ufetubus (D)
  An orc (D)
  2 endoplasms (D)
  A giant cockroach (D)
  A goblin (D)
  2 jackals (D)
  2 ball pythons (D)
19 creatures vanquished.

Notes
Turn   | Place    | Note
-------+----------+-------------------------------------------
     0 | D        | rocky1 the Mountain Dwarf Fighter began the quest for the
                  | Orb.
     0 | D        | Reached XP level 1. HP: 19/19 MP: 1/1
    45 | D        | Found a bloodstained altar of Trog.
    45 | D        | Found a shimmering blue altar of Sif Muna.
    45 | D        | Found a viscous altar of Jiyva.
    45 | D        | Found a hazy altar of Hepliaklqana.
    45 | D        | Found an opulent altar of Gozag.
    46 | D        | Found a glowing golden altar of the Shining One.
    46 | D        | Found a glowing silver altar of Zin.
    46 | D        | Found a basalt altar of Yredelemnul.
    46 | D        | Found a shimmering altar of Xom.
    46 | D        | Found an ornate altar of the Wu Jian Council.
    46 | D        | Found a sacrificial altar of Ru.
    46 | D        | Found a stormy altar of Qazlal.
    46 | D        | Found an iron altar of Okawaru.
    46 | D        | Found a sparkling altar of Nemelex Xobeh.
    46 | D        | Found a burning altar of Makhleb.
    46 | D        | Found a blossoming altar of Fedhas.
    46 | D        | Found a white marble altar of Elyvilon.
    46 | D        | Found a shadowy altar of Dithmenos.
    46 | D        | Found a snail-covered altar of Cheibriados.
    49 | D        | Found a corrupted altar of Lugonu.
    49 | D        | Found a radiant altar of Vehumet.
    49 | D        | Found a roughly hewn altar of Beogh.
    50 | D        | Found an ancient bone altar of Kikubaaqudgha.
    50 | D        | Found a hide-covered altar of Uskayaw.
    50 | D        | Found a broken altar of Ashenzari.
    57 | D        | Became a worshipper of Cheibriados the Contemplative
    76 | D        | Reached * piety under Cheibriados
    77 | D        | Reached XP level 2. HP: 22/27 MP: 2/2
   102 | D        | Noticed a scorpion
   109 | D        | Killed a scorpion
   109 | D        | Reached ** piety under Cheibriados
   110 | D        | Reached XP level 3. HP: 22/38 MP: 2/5
   110 | D        | Reached XP level 4. HP: 25/45 MP: 2/6
   117 | D        | Reached *** piety under Cheibriados
   309 | D        | Noticed a bullfrog
   309 | D        | Noticed Menkaure
   311 | D        | Noticed a gnoll sergeant
   315 | D        | Killed a bullfrog
   315 | D        | Reached **** piety under Cheibriados
   316 | D        | Reached skill level 5 in Invocations
   316 | D        | Reached XP level 5. HP: 39/53 MP: 8/8
   316 | D        | Reached ***** piety under Cheibriados
   320 | D        | Killed Menkaure
   321 | D        | Reached XP level 6. HP: 32/64 MP: 3/11
   328 | D        | Reached skill level 10 in Axes
   331 | D        | Reached skill level 10 in Fighting
   945 | D        | Noticed a boulder beetle
   954 | D        | Slain by a boulder beetle

Illustrated notes

Levels and vault maps discovered:
D:        pitsprint [storerooms_1, entrance_room_1, metal_vault_6, armoury_2,
          mini_pit_1, grid_room_1, main_hall_1, silver_pit, the_coven_1,
          the_vestibule_1, steel_vault_2, golden_pit, hallway_of_sentries,
          crystal_vault_4, iron_vault_2, final_vault]

Skill      XL: |  1  2  3  4  5  6 |
---------------+-------------------+-----
Fighting       | 4 6 7 9 10 | 10.3
Axes           | 3 6 7 9 10 | 10.7
Invocations    | 3 5 6 7 |  7.8
Armour         | |  3.8
Shields        | |  3.8

Action                     |  1- 3 |  4- 6 || total
---------------------------+-------+-------++-------
  Melee: War axe           |    19 |    27 ||    46
 Invoke: Slouch            |       |     1 ||     1
    Use: Potion            |     1 |     5 ||     6
         Scroll            |       |     1 ||     1
 Armour: Scale mail        |    13 |     4 ||    17
         Plate armour      |       |    31 ||    31
  Dodge: Dodged            |     6 |    25 ||    31
  Block: Buckler           |     3 |    16 ||    19

Table legend: (Time is in decaauts)
 A = Elapsed time spent in this place.
 B = Non-inter-level travel time spent in this place.
 C = Inter-level travel time spent in this place.
 D = Time resting spent in this place.
 E = Time spent auto-exploring this place.
 F = Levels seen in this place.
 G = Mean time per level.
                   A        B        C        D        E       F      G
               +--------+--------+--------+--------+--------+-----+--------+
         Total |   1034 |   1005 |     29 |    732 |      0 |   1 | 1034.0 |
       Dungeon |   1034 |   1005 |     29 |    732 |      0 |   1 | 1034.0 |
               +--------+--------+--------+--------+--------+-----+--------+

Top non-repeatable levels by time:
       D: 1034 daAuts
